Map: [ESL] Solaris

Players

Classic

  • Race: Protoss Protoss
  • Spawn Location: 1:00

Clem - Winner!

  • Race: Terran Terran
  • Spawn Location: 7:00

Event: ESL SC2 Masters 2023 Winter (Finals)

VOD

Have the link to the VOD?

Description

Time

  • Played on: Dec. 15, 2023, 9:49 a.m.
  • Length: 5:38

All games in this series

Show
View Real Time Build Order
Export as new Build Order

Classic Protoss 

Build Orders: Oracle Opening, Phoenix Opening 

Get SALT Encoding   

  12  0:00  Probe  
  13  0:12  Probe  
  14  0:17  Pylon  
  14  0:24  Probe (Chrono Boost)  
  15  0:36  Gateway, Probe (Chrono Boost)  
  16  0:44  Probe (Chrono Boost)  
  16  0:48  Assimilator  
  17  0:50  Probe  
  18  1:03  Probe  
  19  1:15  Probe  
  20  1:23  Cybernetics Core  
  20  1:33  Zealot (Chrono Boost), Pylon  
  20  1:37  Probe  
  20  1:39  Assimilator  
  23  1:51  Probe  
  24  2:00  Adept (Chrono Boost)  
  26  2:03  Probe  
  27  2:15  Probe  
  28  2:22  Stargate  
  28  2:26  Adept (Chrono Boost)  
  28  2:27  Pylon  
  30  2:36  Nexus  
  30  2:39  Probe  
  30  2:41  Warp Gate (Chrono Boost)  
  31  2:49  Stalker  
  33  2:54  Probe  
  34  3:06  Pylon  
  34  3:07  Probe  
  34  3:08  Oracle (Chrono Boost)  
  38  3:19  Probe  
  39  3:23  Stalker  
  41  3:31  Probe  
  36  3:43  Probe  
  36  3:48  Probe  
  36  3:49  Phoenix (Chrono Boost)  
  31  4:03  Gateway  
  30  4:10  Pylon  
  30  4:13  Phoenix (Chrono Boost)  
  31  4:22  Stalker  
  33  4:29  Phoenix  
  35  4:31  Probe x2  
  35  4:49  Stalker  
  20  5:07  Stalker  
  20  5:08  Probe x2  
  18  5:29  Stalker  
Show
View Real Time Build Order
Export as new Build Order

Clem Terran - Winner!

Build Orders: Cyclone Opening 

Get SALT Encoding   

  12  0:00  SCV  
  13  0:12  SCV  
  14  0:17  Supply Depot  
  14  0:24  SCV  
  14  0:27  Refinery  
  15  0:38  SCV  
  16  0:44  Barracks  
  16  0:50  SCV  
  17  1:02  SCV  
  18  1:14  SCV  
  18  1:16  Engineering Bay  
  19  1:31  Orbital Command, Marine  
  20  1:36  Factory  
  20  1:44  Supply Depot  
  20  1:51  Barracks Reactor  
  20  1:57  SCV  
  21  2:09  SCV  
  22  2:21  SCV  
  23  2:27  Supply Depot  
  23  2:30  Cyclone x2  
  23  2:34  Marine  
  28  2:40  Command Center  
  28  2:42  SCV  
  29  2:54  SCV  
  29  2:55  Marine  
  30  3:02  Cyclone x2  
  34  3:06  Supply Depot  
  34  3:09  SCV  
  35  3:17  Barracks  
  35  3:19  Barracks Tech Lab  
  35  3:22  SCV  
  35  3:34  SCV, Refinery  
  35  3:38  Marine  
  35  3:39  Cyclone  
  39  3:46  SCV  
  38  3:56  Marine  
  38  3:59  SCV  
  38  4:00  Cyclone  
  40  4:06  Barracks Reactor  
  40  4:07  Barracks  
  40  4:11  SCV  
  40  4:12  Orbital Command  
  40  4:17  Marine  
  41  4:23  Cyclone  
  44  4:26  SCV  
  45  4:34  Marine  
  46  4:38  SCV  
  46  4:39  SCV  
  46  4:41  Cyclone  
  46  4:45  Marine  
  49  4:46  Marine  
  49  4:50  SCV  
  49  4:52  Marine  
  51  4:53  SCV  
  51  4:55  Cyclone, Marine  
  53  5:02  Marine, SCV  
  53  5:04  Marine  
  53  5:08  SCV  
  53  5:10  Marine  
  53  5:13  Marine  
  56  5:14  Engineering Bay  
  56  5:15  SCV  
  56  5:20  Marine  
  56  5:25  SCV  
  62  5:36  Starport  
Tags
 
Add a new tag
Caveats
  • Supply blocks, unpowered buildings, or Contaminate may cause inaccurate times.
  • Supply counts are checked every 10 seconds.